 Dungeon Crawl Stone Soup version 0.23.1 (webtiles) character file.

Game seed: 5460396723110161637

152377 Lauz the Minotaur Blade (level 17, -18/162 HPs)
             Began as a Minotaur Berserker on Mar 16, 2019.
             Was the Champion of Trog.
             Killed from afar by a deep elf annihilator (62 damage)
             ... with a crystal spear
             ... on level 3 of the Elven Halls.
             The game lasted 01:21:38 (31157 turns).

Lauz the Minotaur Blade (Minotaur Berserker)       Turns: 31157, Time: 01:21:38

Health: -18/162    AC: 31    Str: 30    XL:     17   Next: 2%
Magic:  0/5        EV: 19    Int:  4    God:    Trog [******]
Gold:   2390       SH:  0    Dex: 25    Spells: 16/16 levels left

rFire    . . .     SeeInvis .   Y - +4 great sword (antimagic)
rCold    + + .     Gourm    .   (shield currently unavailable)
rNeg     . . .     Faith    .   D - +5 plate armour
rPois    +         Spirit   +   (helmet restricted)
rElec    +         Reflect  .   (no cloak)
rCorr    .         Harm     .   u - +2 pair of gloves {Str+3}
MR       ++...                  e - +2 pair of boots
Stlth    ..........             r - amulet "Robraraa" {Spirit +Blink rPois rC++ Str-2}
HPRegen  0.37/turn              q - ring "Wittala" {Str+2 Dex+4 Slay+3}
MPRegen  0.09/turn              s - ring of Surprise {rElec MR+ Dex+9 Stlth+}

@: no status effects
A: retaliatory headbutt, horns 2
a: Berserk, Trog's Hand, Brothers in Arms, Renounce Religion, Evoke Blink


You were on level 3 of the Elven Halls.
You worshipped Trog.
Trog was exalted by your worship.
You were not hungry.

You visited 4 branches of the dungeon, and saw 26 of its levels.
You also visited: Sewer, Ossuary and Bailey.

You collected 2780 gold pieces.
You spent 390 gold pieces at shops.

Inventory:

Hand Weapons
 n - a +3 scimitar of flaming
 C - a +1 triple sword of slicing
 E - a +3 great sword of holy wrath
 S - a +3 great sword of freezing
 Y - a +4 antimagic great sword (weapon)
Armour
 e - a +2 pair of boots (worn)
 j - a +0 pair of gloves
 u - a +2 pair of gloves of strength (worn)
 y - the +0 pair of gloves of Dudenk {+Fly rC+ Dex+3 Slay-3}
   (You found it on level 5 of the Dungeon)

   It affects your dexterity (+3).
   It affects your accuracy and damage with ranged weapons and melee attacks
   (-3).
   It protects you from cold.
   It lets you fly.
 D - a +5 plate armour (worn)
Jewellery
 a - an uncursed amulet of magic regeneration
 g - a +3 ring of intelligence
 p - an uncursed ring of fire
 q - the ring "Wittala" (left hand) {Str+2 Dex+4 Slay+3}
   (You bought it in a shop on level 1 of the Elven Halls)

   [ring of strength]

   It affects your strength (+2).
   It affects your dexterity (+4).
   It affects your accuracy and damage with ranged weapons and melee attacks
   (+3).
 r - the amulet "Robraraa" (around neck) {Spirit +Blink rPois rC++ Str-2}
   (You acquired it on level 1 of the Elven Halls)

   [amulet of guardian spirit]

   It causes incoming damage to be split between your health and magic.
   It affects your strength (-2).
   It greatly protects you from cold.
   It protects you from poison.
   It lets you blink.
 s - the ring of Surprise (right hand) {rElec MR+ Dex+9 Stlth+}
   (You found it on level 4 of the Dungeon)

   [ring of stealth]

   It affects your dexterity (+9).
   It insulates you from electricity.
   It affects your resistance to hostile enchantments.
   It makes you more stealthy.
 A - a +3 ring of intelligence
 W - an uncursed ring of flight
Wands
 b - a wand of polymorph (5)
 G - a wand of flame (1)
 J - a wand of digging (2)
 K - a wand of paralysis (10)
 R - a wand of random effects (23)
 X - a wand of iceblast (9)
 Z - a wand of enslavement (7)
Scrolls
 f - 15 scrolls of remove curse
 h - 5 scrolls of identify
 l - a scroll of enchant armour
 m - a scroll of blinking {unknown}
 t - 2 scrolls of teleportation
 B - 7 scrolls of fog
 H - 2 scrolls of brand weapon
 L - 4 scrolls of amnesia {unknown}
 N - 3 scrolls of magic mapping
 O - a scroll of torment {unknown}
 P - 2 scrolls of enchant weapon
 Q - a scroll of fear
 U - 2 scrolls of noise {unknown}
Potions
 d - 9 potions of flight
 i - 3 potions of ambrosia
 k - 5 potions of magic
 o - 5 potions of haste
 v - 17 potions of curing
 w - 6 potions of heal wounds
 x - 3 potions of cancellation
 z - 9 potions of mutation {unknown}
 F - 3 potions of might {unknown}
 I - 3 potions of berserk rage
 M - 5 potions of agility {unknown}
 T - a potion of invisibility {unknown}
 V - a potion of brilliance {unknown}
Comestibles
 c - 37 rations


   Skills:
 + Level 17.4 Fighting
 + Level 21.0 Long Blades
 * Level 18.4 Armour
 * Level 12.3 Dodging
 + Level 0.1 Evocations


You had 16 spell levels left.
You didn't know any spells.
Your spell library was empty.

Dungeon Overview and Level Annotations

Branches:
Dungeon (15/15)            Temple (0/1) D:7            Lair (6/6) D:10
 Shoals (0/4) Lair:3        Snake (0/4) Lair:4        Slime (0/5) Lair:6
    Orc (2/2) D:12            Elf (3/3) Orc:2        Vaults (0/5) D:13
 Depths (0/5) D:15

Altars:
Ashenzari
Cheibriados
Elyvilon
Fedhas
Gozag
Hepliaklqana
Kikubaaqudgha
Makhleb
Ru
Zin
The Shining One
Beogh
Jiyva

Shops:
Orc:1 ==   Orc:2 ?([(   Elf:1 =}=%   Elf:2 [   Elf:3 !?(


Innate Abilities, Weirdness & Mutations

You reflexively headbutt those who attack you in melee.
You have a pair of horns on your head.


Message History

The arrow barely misses you.
Things that are here:
an arrow; a +4 long sword of freezing; an uncursed amulet of harm You closely miss the deep elf master archer.
Your headbutt misses the deep elf master archer.
The deep elf master archer shoots an arrow.
The arrow hits you but does no damage.
You open the deep elf master archer like a pillowcase!!!
You headbutt the deep elf master archer!
The deep elf master archer is severely wounded.
The deep elf master archer shoots an arrow.
The arrow hits you!!
* * * LOW HITPOINT WARNING * * *
You slice the deep elf master archer!!
You kill the deep elf master archer!
Trog accepts your kill.
You have reached level 17!
The deep elf annihilator casts a spell at you.
The crystal spear hits you!!!
You die...

##.........'...........###..##
#..........##(######..........
#..........##.# ##..###....
##.........##.# ##''#####..
##..<........## ##....####..
##.......')..# ##......'....
##..........# #.......###..
#####...#(.# #.......# #..
###.#@## ######### #.. #.#e#
##.. ###.# #... #.# #... . #.#
. #.## ... #.# ... #.#
.....##)##..... #.#
#....))|....# #.#
##..))).....# #.##


You could see a deep elf annihilator.

Vanquished Creatures
  2 deep elf blademasters
  2 deep elf master archers (Elf:3)
  The ghost of Kwack the Ogre Mage, a journeyman OgCj of Sif Muna (D:15)
  An orc warlord (Orc:2)
  2 deep elf sorcerers (Elf:3)
  4 deep elf elementalists (Elf:3)
  A deep elf demonologist (Elf:3)
  5 deep elf annihilators (Elf:3)
  Azrael (Elf:1)
  An ettin (D:15)
  3 deep elf death magi (Elf:3)
  3 deep elf high priests (Elf:3)
  An ogre mage (D:15)
  6 hydras
  8 vault guards (D:13)
  A catoblepas (Lair:5)
  11 two-headed ogres
  20 dancing weapons
  3 centaur warriors
  4 orc high priests (Orc:2)
  Sonja (Orc:2)
  Nergalle (Orc:1)
  15 deep elf knights
  3 unseen horrors
  8 deep elf archers
  5 orc knights
  37 deep elf magi
  3 ugly things
  4 orc sorcerers (Orc:2)
  3 cyclopes
  A manticore (D:11)
  A merfolk siren (Lair:3)
  2 black mambas (Lair:6)
  2 gargoyles
  A torpor snail (Lair:6)
  22 spiny frogs
  A spiny frog (shapeshifter) (Elf:2)
  3 centaur skeletons
  A tengu conjurer (D:15)
  3 rime drakes
  An efreet (D:14)
  5 komodo dragons
  8 trolls
  2 polar bears (Lair:6)
  Prince Ribbit (D:8)
  Grinder (D:3)
  4 tyrant leeches
  A harpy skeleton (D:15)
  21 blink frogs
  9 hippogriffs
  A meliai zombie (D:11)
  A shadow (D:11)
  3 water elementals
  7 wyverns
  Sigmund (D:6)
  A spriggan (Lair:5)
  A vampire (D:14)
  A spriggan (shapeshifter) (D:15)
  2 air elementals
  3 wraiths
  43 yaks
  Eustachio (D:6)
  3 basilisks
  11 fire elementals
  A steam dragon (Lair:5)
  Grum (D:10)
  5 hungry ghosts
  6 vampire mosquitoes (Lair:6)
  4 nagas (Lair:4)
  2 wargs (Orc:2)
  2 soldier ants
  A swamp drake (D:12)
  A hell hound (Elf:1)
  6 porcupines
  8 water moccasins
  6 sky beasts
  2 black bears
  2 necrophages
  49 orc warriors
  2 ice beasts
  3 eyes of draining
  3 wolves (D:10)
  24 ogres
  4 phantoms
  18 centaurs
  11 crocodiles
  23 bullfrogs
  4 big kobolds
  6 earth elementals
  A wyvern zombie (D:11)
  A wyvern skeleton (D:11)
  7 scorpions
  9 killer bees
  12 wights
  3 electric eels
  6 howler monkeys
  9 crimson imps
  4 centaur zombies
  5 jellies
  2 quasits
  2 bullfrog zombies
  33 orc priests
  8 hounds
  4 iguanas
  31 orc wizards
  8 worker ants
  A hound zombie (D:9)
  A howler monkey zombie (D:10)
  16 gnolls
  3 river rats (Sewer)
  12 adders
  A shadow imp (D:12)
  An ooze (Lair:6)
  An adder zombie (D:9)
  2 adder skeletons (D:8)
  4 worms
  A dart slug (D:2)
  11 leopard geckos
  115 orcs
  8 giant cockroaches
  15 goblins
  16 hobgoblins
  18 jackals
  31 kobolds
  2 quokkas
  A ball python skeleton (Ossuary)
  9 bats
  9 frilled lizards
  2 hobgoblin skeletons (Ossuary)
  A jackal skeleton (D:4)
  A kobold zombie (Ossuary)
  A leopard gecko skeleton (D:7)
  3 orc skeletons (Ossuary)
  3 orc zombies (Ossuary)
  A quokka zombie (D:9)
  8 rats
966 creatures vanquished.

Vanquished Creatures (collateral kills)
  A deep elf blademaster (Elf:3)
  A deep elf elementalist (Elf:3)
2 creatures vanquished.

Vanquished Creatures (others)
  An orc priest (Orc:1)
  An orc (D:12)
  4 fungi (Lair:6)
  25 plants (Lair:6)
31 creatures vanquished.

Grand Total: 999 creatures vanquished

Notes
Turn   | Place    | Note
-------+----------+-------------------------------------------
     0 | D:1      | Lauz the Minotaur Berserker began the quest for the Orb.
     0 | D:1      | Reached XP level 1. HP: 19/19 MP: 0/0
    55 | D:1      | Reached skill level 4 in Long Blades
   168 | D:1      | Reached XP level 2. HP: 27/27 MP: 1/1
   381 | D:1      | Reached ** piety under Trog
   400 | D:1      | Reached XP level 3. HP: 33/33 MP: 2/2
   927 | D:2      | Reached skill level 5 in Long Blades
  1093 | D:2      | Reached XP level 4. HP: 33/40 MP: 3/3
  1233 | D:2      | Found a snail-covered altar of Cheibriados.
  1412 | D:3      | Reached *** piety under Trog
  1550 | D:3      | Found an ancient bone altar of Kikubaaqudgha.
  1608 | D:3      | Found a blossoming altar of Fedhas.
  1653 | D:3      | Found a white marble altar of Elyvilon.
  1655 | D:3      | Found a glowing golden altar of the Shining One.
  1661 | D:3      | Reached skill level 6 in Long Blades
  1661 | D:3      | Reached XP level 5. HP: 40/47 MP: 4/4
  1924 | D:3      | Reached skill level 7 in Long Blades
  1959 | D:3      | Noticed Grinder
  1972 | D:3      | Killed Grinder
  1972 | D:3      | Reached skill level 8 in Long Blades
  1972 | D:3      | Reached XP level 6. HP: 53/53 MP: 5/5
  2212 | D:4      | Got a steaming wooden ring
  2213 | D:4      | Identified the ring of Surprise {rElec MR+ Dex+9 Stlth+}
                  | (You found it on level 4 of the Dungeon)
  2367 | D:4      | Reached XP level 7. HP: 60/60 MP: 6/6
  2455 | D:4      | Found a glowing silver altar of Zin.
  2455 | D:4      | Found a burning altar of Makhleb.
  2456 | D:4      | Noticed a balrug
  2456 | D:4      | Noticed an angel
  3066 | D:5      | Entered Level 5 of the Dungeon
  3101 | D:5      | Found a glowing drain.
  3105 | Sewer    | Entered a sewer
  3124 | Sewer    | Reached **** piety under Trog
  3175 | Sewer    | Reached skill level 5 in Fighting
  3191 | Sewer    | Found a white marble altar of Elyvilon.
  3311 | D:5      | Found a sand-covered staircase.
  3318 | Ossuary  | Entered an ossuary
  3417 | Ossuary  | Noticed a wraith
  3417 | Ossuary  | Noticed a flying skull
  3428 | Ossuary  | Noticed a wraith
  3434 | Ossuary  | Killed a wraith
  3434 | Ossuary  | Reached skill level 9 in Long Blades
  3458 | Ossuary  | Noticed a flying skull
  3499 | Ossuary  | Noticed a wraith
  3502 | Ossuary  | Killed a wraith
  3502 | Ossuary  | Reached skill level 10 in Long Blades
  3502 | Ossuary  | Reached XP level 8. HP: 60/69 MP: 7/7
  3512 | Ossuary  | Noticed a flying skull
  4316 | D:5      | Reached skill level 11 in Long Blades
  4581 | D:5      | Got a pair of heavily runed gloves
  4592 | D:5      | Identified the +0 pair of gloves of Dudenk {+Fly rC+ Dex+3
                  | Slay-3} (You found it on level 5 of the Dungeon)
  4624 | D:6      | Noticed Sigmund
  4631 | D:6      | Killed Sigmund
  4750 | D:6      | Reached skill level 12 in Long Blades
  4750 | D:6      | Reached skill level 5 in Dodging
  4776 | D:6      | Reached XP level 9. HP: 56/75 MP: 8/8
  4882 | D:6      | Reached ***** piety under Trog
  5179 | D:6      | Noticed Eustachio
  5190 | D:6      | Killed Eustachio
  5389 | D:7      | Reached skill level 13 in Long Blades
  5417 | D:7      | Found a flagged portal.
  5423 | Bailey   | Entered a bailey
  5512 | Bailey   | Received a gift from Trog
  5657 | Bailey   | Noticed an orc knight
  5672 | Bailey   | Killed an orc knight
  5995 | D:7      | Found an ancient bone altar of Kikubaaqudgha.
  6009 | D:7      | Found an opulent altar of Gozag.
  6030 | D:7      | Found a sacrificial altar of Ru.
  6154 | D:7      | Found a staircase to the Ecumenical Temple.
  6307 | D:7      | Reached skill level 14 in Long Blades
  6552 | D:8      | Reached XP level 10. HP: 88/88 MP: 9/9
  6775 | D:8      | Reached skill level 5 in Armour
  6798 | D:8      | Noticed Prince Ribbit
  6808 | D:8      | Killed Prince Ribbit
  7232 | D:9      | You fall through a shaft for 3 floors!
  7304 | D:12     | Found a staircase to the Orcish Mines.
  7317 | D:12     | Received a gift from Trog
  7322 | D:12     | Killed an unseen horror
  7739 | D:12     | Reached skill level 15 in Long Blades
  7743 | D:12     | Noticed a gargoyle
  7749 | D:12     | Killed a gargoyle
  7749 | D:12     | Reached XP level 11. HP: 91/98 MP: 10/10
  7794 | D:12     | Noticed a red ugly thing
  7801 | D:12     | Killed a red ugly thing
  7932 | D:12     | Reached skill level 10 in Fighting
  8100 | D:12     | Killed an unseen horror
  8675 | D:13     | Noticed a deep elf mage
  8679 | D:13     | Killed a deep elf mage
  8825 | D:13     | Killed an unseen horror
  8844 | D:13     | Noticed a five-headed hydra
  9138 | D:11     | Received a gift from Trog
  9399 | D:11     | Reached skill level 10 in Armour
  9618 | D:11     | Noticed a brown ugly thing
  9623 | D:11     | Killed a brown ugly thing
  9893 | D:11     | Noticed a six-headed hydra
  9909 | D:10     | Entered Level 10 of the Dungeon
 10163 | D:10     | Reached XP level 12. HP: 111/111 MP: 11/11
 10175 | D:10     | Reached skill level 16 in Long Blades
 10332 | D:10     | Found a staircase to the Lair.
 10417 | D:10     | Noticed a two-headed ogre
 10423 | D:10     | Killed a two-headed ogre
 10458 | D:10     | Noticed a two-headed ogre
 10466 | D:10     | Killed a two-headed ogre
 10762 | D:10     | Noticed Grum
 10777 | D:10     | Killed Grum
 11523 | D:9      | Received a gift from Trog
 12807 | Lair:1   | Entered Level 1 of the Lair of Beasts
 12813 | Lair:1   | Found a shattered altar of Ashenzari.
 13221 | Lair:2   | Noticed a seven-headed hydra
 13407 | Lair:2   | Killed a seven-headed hydra
 13836 | Lair:2   | Noticed a four-headed hydra
 13847 | Lair:2   | Killed a four-headed hydra
 13886 | Lair:2   | Reached XP level 13. HP: 110/121 MP: 12/12
 14222 | Lair:3   | Found a snail-covered altar of Cheibriados.
 14604 | Lair:3   | Found a staircase to the Shoals.
 14904 | Lair:4   | You fall through a shaft for 2 floors!
 14904 | Lair:6   | Entered Level 6 of the Lair of Beasts
 14918 | Lair:6   | Reached skill level 17 in Long Blades
 15141 | Lair:6   | Received a gift from Trog
 16453 | Lair:4   | Found a staircase to the Snake Pit.
 17247 | Lair:6   | Reached skill level 18 in Long Blades
 17639 | Lair:6   | Received a gift from Trog
 17648 | Lair:6   | Reached XP level 14. HP: 76/131 MP: 13/13
 17981 | Lair:6   | Found a viscous altar of Jiyva.
 17981 | Lair:6   | Found a staircase to the Slime Pits.
 17982 | Lair:6   | Found a runed translucent door.
 19579 | Orc:1    | Entered Level 1 of the Orcish Mines
 19594 | Orc:1    | You fall through a shaft!
 19594 | Orc:2    | Entered Level 2 of the Orcish Mines
 19665 | Orc:1    | Reached skill level 15 in Armour
 19670 | Orc:1    | Reached ****** piety under Trog
 19761 | Orc:1    | Found Rappuwo's Jewellery Boutique.
 19858 | Orc:2    | Noticed Sonja
 19865 | Orc:2    | Received a gift from Trog
 19869 | Orc:2    | Killed Sonja
 20210 | Orc:2    | Noticed an orc warlord
 20572 | Orc:2    | Killed an orc warlord
 20850 | Orc:2    | Found a roughly hewn altar of Beogh.
 21068 | Orc:2    | Found Eroutt's Magic Scroll Emporium.
 21086 | Orc:2    | Found Qekozec's Weapon Shoppe.
 21493 | Orc:2    | Received a gift from Trog
 21494 | Orc:2    | Found a staircase to the Elven Halls.
 21762 | Orc:2    | Found Heish's Antique Weapon Shoppe.
 22011 | Orc:2    | Found a roughly hewn altar of Beogh.
 22029 | Orc:2    | Found Lets's Antique Armour Emporium.
 22042 | Orc:2    | Reached skill level 15 in Fighting
 22077 | Orc:2    | Received a gift from Trog
 22083 | Orc:2    | Reached skill level 19 in Long Blades
 22569 | Orc:1    | Found a burning altar of Makhleb.
 22585 | Orc:1    | Found Upnaev's Jewellery Shop.
 22880 | Orc:1    | Reached skill level 10 in Dodging
 22899 | Orc:1    | Noticed Nergalle
 22912 | Orc:1    | Killed Nergalle
 23392 | D:13     | Found a gate to the Vaults.
 23423 | D:13     | Reached XP level 15. HP: 140/140 MP: 4/14
 24734 | D:15     | Entered Level 15 of the Dungeon
 24860 | D:15     | Received a gift from Trog
 25116 | D:15     | Found a staircase to the Depths.
 25263 | D:15     | Found a hazy altar of Hepliaklqana.
 25414 | D:15     | Found a runed translucent door.
 25415 | D:15     | Noticed Kwack's ghost (journeyman OgCj)
 25444 | D:15     | Killed Kwack's ghost
 25451 | D:15     | Identified the +3 chain mail of Claustrophobia {rF+} (You
                  | found it on level 15 of the Dungeon)
 25786 | Elf:1    | Entered Level 1 of the Elven Halls
 26140 | Elf:1    | Found Vilimp's Jewellery Boutique.
 26142 | Elf:1    | Found Dueh's Gadget Shoppe.
 26143 | Elf:1    | Found Ahiemy's Jewellery Boutique.
 26148 | Elf:1    | Bought the ring "Wittala" {Str+2 Dex+4 Slay+3} for 390 gold
                  | pieces
 26148 | Elf:1    | Identified 2 scrolls of acquirement
 26149 | Elf:1    | Got a translucent diamond amulet
 26150 | Elf:1    | Identified the amulet "Robraraa" {Spirit +Blink rPois rC++
                  | Str-2} (You acquired it on level 1 of the Elven Halls)
 26199 | Elf:1    | Noticed Azrael
 26208 | Elf:1    | Killed Azrael
 26217 | Elf:1    | Reached skill level 20 in Long Blades
 26270 | Elf:1    | Found Boph's Food Boutique.
 26575 | Elf:1    | Received a gift from Trog
 27033 | Elf:2    | Found Sotwyc's Armour Emporium.
 27452 | Elf:2    | Reached XP level 16. HP: 104/150 MP: 2/15
 27697 | Elf:2    | Found a runed translucent gate.
 27697 | Elf:2    | Found a runed translucent gate.
 27697 | Elf:2    | Found a runed translucent gate.
 28025 | Elf:2    | Received a gift from Trog
 28664 | Elf:2    | Noticed a deep elf blademaster
 28685 | Elf:2    | Killed a deep elf blademaster
 29324 | Elf:3    | Entered Level 3 of the Elven Halls
 29324 | Elf:3    | Found Memeylu's Antique Weapon Emporium.
 29951 | Elf:3    | Noticed a deep elf blademaster
 29951 | Elf:3    | Noticed a deep elf blademaster
 29962 | Elf:3    | Noticed a deep elf master archer
 29964 | Elf:3    | Killed a deep elf blademaster
 29969 | Elf:3    | Noticed a deep elf master archer
 29970 | Elf:3    | Killed a deep elf blademaster
 29973 | Elf:3    | Noticed an Executioner
 30140 | Elf:3    | Found Kekula's Magic Scroll Emporium.
 30147 | Elf:3    | Found Uruofud's Distillery.
 30620 | Elf:3    | Identified the +3 leather armour "Pofe Mulob" {Regen+
                  | Slay+4}
 30622 | Elf:3    | Identified the ring "Susmushra" {rElec rC+ rN++ Str+2
                  | Int+3}
 30639 | Elf:3    | Received a gift from Trog
 30639 | Elf:3    | Reached skill level 21 in Long Blades
 30644 | Elf:3    | Killed a deep elf master archer
 31134 | Elf:3    | Identified the ring of Uterrorr {Fire +Blink Str+8 Stlth-}
 31156 | Elf:3    | Killed a deep elf master archer
 31156 | Elf:3    | Reached XP level 17. HP: 43/162 MP: 2/16
 31157 | Elf:3    | Killed from afar by a deep elf annihilator

Skill      XL: |  1  2  3  4  5  6  7  8  9 10 11 12 13 14 15 16 |
---------------+-------------------------------------------------+-----
Long Blades    | 4 5 6 8 10 12 14 15 16 18 19 20 21 | 21.0
Fighting       | 4 5 6 7 9 11 13 14 15 16 17 | 17.4
Dodging        | 3 4 5 7 8 10 11 12 | 12.3
Armour         | 4 8 10 12 14 15 16 18 | 18.4
Evocations     | |  0.1

Action                   |  1- 3 |  4- 6 |  7- 9 | 10-12 | 13-15 | 16-18 || total
-------------------------+-------+-------+-------+-------+-------+-------++-------
Melee: Falchion          |    74 |    81 |    53 |       |       |       ||   208
       Headbutt          |    10 |    16 |    60 |   220 |   332 |    87 ||   725
       Scimitar          |       |       |   198 |   441 |       |       ||   639
       Triple sword      |       |       |       |     3 |       |       ||     3
       Great sword       |       |       |       |    84 |   951 |   227 ||  1262
       Short sword       |       |       |       |    18 |    31 |       ||    49
Invok: Berserk           |       |     2 |     3 |     2 |     7 |     2 ||    16
       Trog's Hand       |       |       |       |       |     2 |     2 ||     4
       Brothers in Arms  |       |       |       |       |       |     1 ||     1
Evoke: Wand              |       |       |       |       |     2 |     1 ||     3
  Use: Scroll            |       |       |     4 |     2 |    25 |     4 ||    35
       Potion            |       |       |       |       |       |     1 ||     1
 Stab: Sleeping          |       |       |    14 |       |       |       ||    14
       Distracted        |       |       |     1 |       |       |       ||     1
       Confused          |       |       |       |     2 |       |       ||     2
       Paralysed         |       |       |       |       |     1 |       ||     1
  Eat: Chunk             |     1 |     4 |    12 |    21 |    34 |     8 ||    80
       Ration            |       |       |     2 |     2 |     5 |     3 ||    12
Armor: Animal skin       |    27 |    36 |    10 |       |       |       ||    73
       Plate armour      |       |       |    65 |   330 |   546 |    96 ||  1037
Dodge: Dodged            |    58 |    53 |   149 |   264 |   711 |   138 ||  1373
       Rpst.: Falchion   |    16 |    14 |     7 |       |       |       ||    37
       Scimitar          |       |       |    30 |    38 |       |       ||    68
       Triple sword      |       |       |       |     1 |       |       ||     1
       Great sword       |       |       |       |    15 |   170 |    25 ||   210
